 Dungeon Crawl Stone Soup version 0.27-a0-1123-g2f9bb313c0 (webtiles) character file.

Game seed: 594076191215639279

1299 Zeld the Chucker (level 8, -6/56 HPs)
             Began as an Octopode Fighter on May 3, 2021.
             Was an Initiate of Okawaru.
             Mangled by a water moccasin (8 damage)
             ... on level 6 of the Dungeon.
             The game lasted 00:10:33 (9290 turns).

Zeld the Chucker (Octopode Fighter)                 Turns: 9290, Time: 00:10:34

Health: -6/56      AC:  1    Str: 17    XL:     8   Next: 56%
Magic:  8/8        EV: 11    Int: 10    God:    Okawaru [......]
Gold:   128        SH:  0    Dex: 12    Spells: 7/7 levels left

rFire    . . .     SeeInvis .   a - +3 war axe
rCold    + . .     Faith    .   b - +0 kite shield
rNeg     + + .     Spirit   .   (helmet restricted)
rPois    .         Reflect  .   (no amulet)
rElec    .         Harm     .   j - ring of positive energy
rCorr    .         Rampage  .   t - ring of protection from cold
Will     .....                  u - ring of positive energy
Stlth    ++........             (no ring)
HPRegen  0.18/turn              (no ring)
MPRegen  0.11/turn              (no ring)
                                (no ring)
                                (no ring)

@: confused, lethally poisoned (-6 -> -23), ambrosia-drunk
A: almost no armour, amphibious, 8 rings, camouflage 1, gelatinous body 1,
(nimble swimmer 1), tentacles
a: Renounce Religion


You were on level 6 of the Dungeon.
You worshipped Okawaru.
Okawaru was noncommittal.
You visited 2 branches of the dungeon, and saw 7 of its levels.

You collected 1458 gold pieces.
You spent 1330 gold pieces at shops.

Inventory:

Hand Weapons
 a - a +3 war axe (weapon)
Missiles
 h - 22 poisoned darts (quivered)
Armour
 b - a +0 kite shield (worn)
Jewellery
 j - a ring of positive energy (left tentacle)
 t - a ring of protection from cold (right tentacle)
 u - a ring of positive energy (on tentacle)
Wands
 i - a wand of iceblast (5)
 n - a wand of paralysis (6)
Scrolls
 g - 7 scrolls of teleportation
 k - a scroll of summoning
 l - 4 scrolls of blinking
 m - 3 scrolls of enchant armour {unknown}
 q - a scroll of fear
 r - 2 scrolls of immolation {unknown}
Potions
 c - a potion of resistance {unknown}
 d - a potion of heal wounds {unknown}
 e - a potion of ambrosia
 f - a potion of cancellation {unknown}
 o - 2 potions of mutation {unknown}
 s - a potion of invisibility {unknown}


   Skills:
 * Level 5.4 Fighting
 * Level 5.0 Axes
 - Level 6.0 Throwing
 - Level 3.0 Dodging
 * Level 5.5 Shields


You had 7 spell levels left.
You didn't know any spells.
Your spell library contained the following spells:

 Spells                   Type           Power      Damage    Failure   Level
 Corona                   Hex            0%         N/A       78%         1
 Magic Dart               Conj           0%         1d3       78%         1
 Blink                    Tloc           N/A        N/A       89%         2
 Call Imp                 Summ           0%         N/A       89%         2
 Ensorcelled Hibernation  Hex/Ice        0%         N/A       89%         2
 Slow                     Hex            0%         N/A       89%         2
 Confusing Touch          Hex            0%         N/A       98%         3
 Conjure Flame            Conj/Fire      0%         6-21      98%         3
 Dazzling Flash           Conj/Hex       0%         N/A       98%         3
 Mephitic Cloud           Conj/Pois/Air  0%         N/A       98%         3
 Tukima's Dance           Hex            0%         N/A       98%         3


Dungeon Overview and Level Annotations

Branches:
Dungeon (6/15)             Temple (1/1) D:6

Altars:
Cheibriados
Dithmenos
Fedhas
Gozag
Hepliaklqana
Kikubaaqudgha
Makhleb
Nemelex Xobeh
Okawaru
Qazlal
Ru
Sif Muna
Trog
Uskayaw
Wu Jian
Zin

Shops:
D:5 ?


Innate Abilities, Weirdness & Mutations

You cannot wear most types of armour.
You are amphibious.
You can wear up to eight rings at the same time.
Your skin changes colour to match your surroundings (Stealth+).
Your rubbery body absorbs attacks. (AC +1, EV +1)
((You are camouflaged near water. (Stealth+)))
You have tentacles for arms and can constrict up to eight enemies at once.


Message History

You hit the water moccasin. Your grab misses the water moccasin.
The water moccasin is lightly wounded.
The water moccasin bites you! You block the water moccasin's attack.
You miss the water moccasin. Your grab misses the water moccasin.
The water moccasin is lightly wounded.
You block the water moccasin's attack. The water moccasin bites you!
You are poisoned.
The water moccasin poisons you! The water moccasin barely misses you.
You closely miss the water moccasin. Your grab misses the water moccasin.
Your squeeze misses the water moccasin.
The water moccasin is lightly wounded.
You feel very sick. You block the water moccasin's attack.
The water moccasin bites you.
You are more poisoned.
The water moccasin poisons you!
Okay, then.
You miss the water moccasin. You grab the water moccasin.
The water moccasin is lightly wounded.
You constrict the water moccasin.
You feel extremely sick. The water moccasin closely misses you.
The water moccasin bites you!
You are lethally poisoned!
The water moccasin poisons you!
You are confused.
You feel invigorated.
You constrict the water moccasin.
You feel extremely sick. The water moccasin barely misses you.
You release your grip on the water moccasin.
* * * LOW HITPOINT WARNING * * *
You feel very sick. The water moccasin bites you.
* * * LOW HITPOINT WARNING * * *
Unknown command.
You're too confused to move!
* * * LOW HITPOINT WARNING * * *
You feel very sick. The water moccasin bites you!
* * * LOW HITPOINT WARNING * * *
The water moccasin bites you!
You die...

#..# ##...##
#..# ##...##
#..# ##...## ##
#..###...## ##.
###.......##
##..
####..#####..##
##... ###....###
##..####....
.........S###
###..#.....
#.......@...#
##.......
#.............#
##......
...............#
#......
...............#
#......
...............#
#......
................
#......
...............
#......
...............
##..... #.....


You could see a water moccasin.

Vanquished Creatures
  Grinder (D:4)
  Eustachio (D:4)
  A sky beast (D:5)
  A necrophage (D:6)
  2 ogres
  Blork the orc (D:5)
  A scorpion (D:6)
  A bullfrog zombie (D:6)
  A centaur zombie (D:4)
  4 hounds
  A jelly (D:4)
  An orc priest (D:6)
  A gnoll shaman (D:4)
  An iguana (D:6)
  A howler monkey zombie (D:5)
  10 gnolls
  A howler monkey skeleton (D:4)
  5 adders
  2 white imps
  An ufetubus (D:6)
  2 worms
  6 orcs
  4 ball pythons
  5 endoplasms
  2 giant cockroaches
  6 goblins
  5 hobgoblins
  13 jackals
  5 kobolds
  5 quokkas
  4 bats
  3 frilled lizards (D:1)
  7 rats
105 creatures vanquished.

Vanquished Creatures (others)
  A plant (D:6)
1 creature vanquished.

Grand Total: 106 creatures vanquished

Notes
Turn   | Place    | Note
-------+----------+-------------------------------------------
     0 | D:1      | Zeld the Octopode Fighter began the quest for the Orb.
     0 | D:1      | Reached XP level 1. HP: 16/16 MP: 1/1
   245 | D:1      | Reached XP level 2. HP: 21/21 MP: 2/2
   922 | D:2      | Reached XP level 3. HP: 18/26 MP: 3/3
  1113 | D:1      | Reached skill level 1 in Throwing
  1567 | D:2      | Reached XP level 4. HP: 28/31 MP: 4/4
  1635 | D:2      | Found an opulent altar of Gozag.
  1638 | D:2      | Reached skill level 2 in Throwing
  1676 | D:2      | Found a faded altar of an unknown god.
  2362 | D:3      | Found an ancient bone altar of Kikubaaqudgha.
  2715 | D:2      | Reached skill level 3 in Throwing
  2715 | D:2      | Reached XP level 5. HP: 29/36 MP: 5/5
  3095 | D:3      | Found a snail-covered altar of Cheibriados.
  3603 | D:3      | Reached skill level 4 in Throwing
  3989 | D:4      | Reached XP level 6. HP: 29/42 MP: 6/6
  4088 | D:4      | Reached skill level 5 in Throwing
  4967 | D:5      | Entered Level 5 of the Dungeon
  4967 | D:5      | Found Fiwk's Magic Scroll Emporium.
  4968 | D:5      | Noticed Eustachio
  5179 | D:4      | Killed Eustachio
  5180 | D:4      | Reached skill level 6 in Throwing
  5180 | D:4      | Reached XP level 7. HP: 17/47 MP: 7/7
  5549 | D:5      | Bought a scroll of identify for 28 gold pieces
  5549 | D:5      | Bought a scroll of identify for 28 gold pieces
  5549 | D:5      | Bought a scroll of identify for 28 gold pieces
  5549 | D:5      | Bought a scroll of identify for 28 gold pieces
  5549 | D:5      | Bought a scroll of teleportation for 42 gold pieces
  5621 | D:5      | Identified a scroll of acquirement
  5627 | D:5      | Acquired 683 gold pieces
  5670 | D:5      | Bought a scroll of acquirement for 728 gold pieces
  5671 | D:5      | Acquired 542 gold pieces
  5676 | D:5      | Bought a scroll of blinking for 105 gold pieces
  5676 | D:5      | Bought a scroll of summoning for 133 gold pieces
  5676 | D:5      | Bought a scroll of enchant weapon for 105 gold pieces
  5676 | D:5      | Bought a scroll of enchant weapon for 105 gold pieces
  5915 | D:5      | Noticed Grinder
  7053 | D:4      | Paralysed by Grinder for 6 turns
  7059 | D:4      | Killed Grinder
  7060 | D:4      | Reached XP level 8. HP: 34/54 MP: 8/8
  7459 | D:4      | Found an iron altar of Okawaru.
  7459 | D:4      | Found a hide-covered altar of Uskayaw.
  7462 | D:4      | Found an ornate altar of the Wu Jian Council.
  7470 | D:4      | Became a worshipper of Warmaster Okawaru
  7550 | D:5      | Noticed Blork the orc
  7558 | D:5      | Killed Blork the orc
  7662 | D:5      | HP: 2/54 [something (6)]
  7679 | D:5      | Reached skill level 5 in Fighting
  7679 | D:5      | Reached skill level 5 in Shields
  8703 | D:6      | Found a staircase to the Ecumenical Temple.
  8710 | Temple   | Entered the Ecumenical Temple
  9131 | D:6      | Reached skill level 5 in Axes
  9290 | D:6      | HP: 2/56 [water moccasin (9)]
  9290 | D:6      | Mangled by a water moccasin

Illustrated notes

Levels and vault maps discovered:
D:1:      dpeg_arrival_windows_large_door, layout_basic
D:2:      layout_rooms, basic_altar, hellmonk_ecumenical_altar_crossroads,
          st_stairs_11, kennysheep_generic_room_7
D:3:      layout_loops_ring, amcnicky_altar_gilded, lemuel_round_altar,
          minmay_misc_feat_enclosed
D:4:      layout_cave_pools, nicolae_overflow_hidden_temple
D:5:      layout_rooms, tgw_xom, serial_shops, shop,
          chequers_serial_rivers_large_a, uniq_grinder, uniq_blork_the_orc,
          uniq_eustachio
D:6:      layout_cave_pods, minmay_temple_entry_overgrown
Temple:   minmay_temple_curvy_loop

Skill      XL: |  1  2  3  4  5  6  7  8 |
---------------+-------------------------+-----
Throwing       | 1 3 4 6 |  6.0
Axes           | 3 4 5 |  5.0
Fighting       | 4 5 |  5.4
Shields        | 4 5 |  5.5
Dodging        | |  3.0

Action                   |  1- 3 |  4- 6 |  7- 9 || total
-------------------------+-------+-------+-------++-------
Melee: War axe           |    36 |    96 |    62 ||   194
       Constrict         |    11 |    16 |    18 ||    45
       Tentacles         |     6 |    16 |    10 ||    32
Throw: Dart              |       |       |     8 ||     8
Evoke: Wand              |       |       |     1 ||     1
  Use: Potion            |       |     6 |     3 ||     9
       Scroll            |       |       |    12 ||    12
 Stab: Sleeping          |     6 |     5 |     1 ||    12
       Distracted        |       |       |     1 ||     1
Armor: Skin              |       |     9 |     3 ||    12
Dodge: Dodged            |    13 |    64 |    27 ||   104
Block: Kite shield       |     9 |    72 |    33 ||   114

Table legend: (Time is in decaauts)
 A = Elapsed time spent in this place.
 B = Non-inter-level travel time spent in this place.
 C = Inter-level travel time spent in this place.
 D = Time resting spent in this place.
 E = Time spent auto-exploring this place.
 F = Levels seen in this place.
 G = Mean time per level.
                   A        B        C        D        E       F      G
               +--------+--------+--------+--------+--------+-----+--------+
         Total |   9417 |   9174 |    243 |   3614 |   4605 |   7 | 1345.3 |
       Dungeon |   9204 |   8984 |    220 |   3614 |   4416 |   6 | 1534.0 |
        Temple |    213 |    190 |     23 |      0 |    189 |   1 |  213.0 |
               +--------+--------+--------+--------+--------+-----+--------+

Top non-repeatable levels by time:
     D:4: 3127 daAuts
     D:5: 1569 daAuts
     D:1: 1377 daAuts
     D:2: 1336 daAuts
     D:3: 1252 daAuts
     D:6: 540 daAuts
  Temple: 213 daAuts
